 Dungeon Crawl Stone Soup version 0.32-a0-131-g9dbbe29261 (webtiles) character file.

Game seed: 5963214835540491617

687 zeratav the Changeling (level 7, 0/112 HPs)
             Began as an Octopode Shapeshifter on Feb 8, 2024.
             Slain by a gnoll
             ... wielding a +0 flail
             ... led by a gnoll sergeant
              (1 damage)
             ... on level 5 of the Dungeon.
             The game lasted 00:06:28 (3045 turns).

zeratav the Changeling (Octopode Shapeshifter)      Turns: 3045, Time: 00:06:28

Health: 0/112      AC: 23    Str: 16    XL:     7   Next: 62%
Magic:  7/7        EV:  2    Int: 12    God:
Gold:   250        SH:  0    Dex: 11    Spells: 6/6 levels left

rFire   . .          .
                       - Unarmed
rCold   . . .        (no shield)
rNeg    . . .        (helmet currently unavailable)
rPois   +            j - amulet of regeneration
rElec   .            w - ring of see invisible
rCorr   .            (no ring)
SInv    +            (no ring)
Will    .....        (no ring) Stlth
                     (no ring)
HPRegen 1.18/turn    (no ring)
MPRegen 0.10/turn    (no ring)
                     (no ring)

%: no passive effects
@: berserking, lethally poisoned (0 -> -2), tree-form, very quick
A: stationary, stasis, torment immunity, boosted hp, almost no armour,
(amphibious), 8 rings, (camouflage 1), (gelatinous body 1), (nimble swimmer 1),
(tentacles)
a: no special abilities


You were on level 5 of the Dungeon.
You were a tree.
You visited 1 branch of the dungeon, and saw 5 of its levels.

You collected 250 gold pieces.


Innate Abilities, Weirdness & Mutations

You are a tree.
Your roots penetrate the ground, keeping you stationary.
You cannot be teleported.
You are immune to unholy pain and torment.
Your maximum health is greatly increased.
You cannot wear most types of armour.
((You are amphibious.))
You can wear up to eight rings at the same time.
((Your skin changes colour to match your surroundings (Stealth+).))
((Your rubbery body absorbs attacks. (AC +1, EV +1)))
((You are camouflaged when in or above water. (Stealth+)))
((You have tentacles for arms and can constrict up to eight enemies at once.))


   Skills:
 - Level 5.0 Fighting
 - Level 2.0 Dodging
 - Level 5.0 Stealth
 - Level 3.0 Unarmed Combat
 + Level 5.6 Shapeshifting


You had 6 spell levels left.
You didn't know any spells.
Your spell library contained the following spells:

 Spells                   Type           Power      Damage    Failure   Level
 Sublimation of Blood     Necr           0%         N/A       45%         2
 Petrify                  Alch/Erth      0%         N/A       97%         4
 Vhi's Electric Charge    Tloc/Air       0%         N/A       97%         4
 Arcjolt                  Conj/Air       0%         1d10      100%        5
 Irradiate                Conj/Alch      0%         3d11      100%        5
 Maxwell's Capacitive Co  Air            0%         ∞         100%        8

Inventory:

Hand Weapons
 t - a +0 quick blade {shortrare=g}
   (You found it on level 3 of the Dungeon)
Missiles
 h - 5 javelins {throwing}
 x - 8 poisoned darts {throwing}
Jewellery
 j - an amulet of regeneration (around neck)
   (You found it on level 1 of the Dungeon)
 m - an amulet of guardian spirit
   (You found it on level 2 of the Dungeon)
 s - a ring of ice
   (You found it on level 3 of the Dungeon)
 w - a ring of see invisible (left branch)
   (You found it on level 4 of the Dungeon)
Talismans
 b - a beast talisman
 c - a flux talisman
Wands
 A - a wand of quicksilver (10)
   (You found it on level 4 of the Dungeon)
 B - a wand of paralysis (3) (quivered)
   (You took it off Ijyb on level 4 of the Dungeon)
Scrolls
 g - a scroll of immolation {unknown}
 i - a scroll of noise {!r}
 o - a scroll of brand weapon
 p - 3 scrolls of amnesia
 q - a scroll of enchant weapon
 u - a scroll of blinking {unknown}
 v - a scroll of torment {unknown}
 y - a scroll of summoning {unknown}
 z - a scroll of fear {unknown}
 D - a scroll of poison {unknown}
 F - 2 scrolls of teleportation {unknown}
Potions
 d - 2 potions of mutation {unknown}
 e - a potion of haste {unknown}
 f - a potion of curing {unknown}
 k - a potion of berserk rage {!q}
 l - 2 potions of cancellation {unknown}
 n - a potion of heal wounds {unknown}
 r - a potion of attraction {!q}
 C - 2 potions of brilliance {unknown}
 G - a potion of invisibility {unknown}
 H - a potion of magic {unknown}
Miscellaneous
 E - a tin of tremorstones (1/2) {throwing}
   (You found it on level 4 of the Dungeon)

Dungeon Overview and Level Annotations

Branches:
Dungeon (5/15) Zot: 26828
 Temple: D:4-7

Altars:
Ashenzari
Sif Muna

Annotations:
D:3 exclusion: ice beast, Sigmund
D:4 Duvessa

....# #....# ## #....# #. #.[..#
#. #....# #. ##### #....# #.
......####....###### #.
#gg♣..............#.
######.....<........
....####.####....... #########
#......####......# ........#
######............ ........#
#########............
........#####..........##........
..............###................
........####### #.........###...#


You could see 2 gnolls.


Message History

HP[+1] HP[+1] HP[+1]
Your hp is fully restored (50).
The helpless orc fails to defend itself.
You bludgeon the orc!
You kill the orc!
No target in view!
No target in view!
An adder comes into view.
An adder is nearby!
The helpless adder fails to defend itself.
You bludgeon the adder!
You kill the adder!
No target in view!
Found a stone staircase leading down.
You now have 250 gold pieces (gained 13).
H - a clear potion A gnoll comes into view.
It is wielding a +0 spear.
A gnoll sergeant comes into view. It is wielding a +2 spear of venom.
A gnoll comes into view. It is wielding a +0 flail.
The gnoll shouts!
A gnoll comes into view. It is wielding a +0 club.
The gnoll barely misses you.
The gnoll sergeant shouts!
The gnoll shouts!
You tentacle-slap the gnoll. Your grab misses the gnoll.
The gnoll closely misses you.
You barely miss the gnoll. Your grab misses the gnoll. You squeeze the gnoll.
The gnoll completely misses you.
You tentacle-slap the gnoll.
You kill the gnoll!
Your tin of tremorstones (1/2) {throwing} has regained one charge.
The gnoll sergeant hits you with a +2 spear of venom!
You are poisoned.
You see here a +0 spear {polearm}.
HP[-8]
You take 8 damage, and now have 42/50 hp.
You completely miss the gnoll sergeant. You grab the gnoll sergeant.
You tentacle-slap the gnoll sergeant, but do no damage.
You squeeze the gnoll sergeant. You constrict the gnoll sergeant.
You feel very sick.
The gnoll sergeant hits you with a +2 spear of venom!
HP[-16]
You take 16 damage, and now have 26/50 hp.
MASSIVE DAMAGE!! (PAUSE)
You tentacle-slap the gnoll sergeant.
You constrict the gnoll sergeant, but do no damage.
You feel very sick.
The gnoll sergeant hits you with a +2 spear of venom!
* * * LOW HITPOINT WARNING * * *
You are lethally poisoned!
HP[-11]
You take 11 damage, and now have 15/50 hp.
MASSIVE DAMAGE!! (PAUSE)
Your transformation has ended.
You turn into a tree.
Your roots penetrate the ground.
You lose your grip on the gnoll sergeant.
* * * LOW HITPOINT WARNING * * *
You feel extremely sick.
The gnoll sergeant hits you but does no damage.
HP[+1]
You now have 75 max hp (+25).
You hit the gnoll sergeant.
* * * LOW HITPOINT WARNING * * *
You feel very sick. The gnoll sergeant barely misses you.
HP[-4]
You take 4 damage, and now have 12/75 hp.
You hit the gnoll sergeant.
You feel very sick.
The gnoll sergeant hits you with a +2 spear of venom.
* * * LOW HITPOINT WARNING * * *
You are more poisoned.
HP[-7]
You take 7 damage, and now have 5/75 hp.
It was a potion of berserk rage.
A red film seems to cover your vision as you go berserk!
You feel yourself moving faster!
You feel mighty!
* * * LOW HITPOINT WARNING * * *
You feel very sick.
The gnoll sergeant hits you but does no damage.
HP[+1]
You now have 112 max hp (+37).
You are too berserk!
Unknown command.
You are too berserk!
You smack the gnoll sergeant!
You kill the gnoll sergeant!
* * * LOW HITPOINT WARNING * * *
You feel sick.
HP[-2]
You take 2 damage, and now have 4/112 hp.
* * * LOW HITPOINT WARNING * * *
You feel very sick.
HP[-2]
You take 2 damage, and now have 2/112 hp.
You feel a strong urge to attack something.
* * * LOW HITPOINT WARNING * * *
You feel sick. The gnoll hits you with a +0 flail.
You die...

Skill      XL: |  1  2  3  4  5  6  7 |
---------------+----------------------+-----
Stealth        | 2 3 5 |  5.0
Fighting       | 2 4 5 |  5.0
Shapeshifting  | 4 5 |  5.6
Dodging        | |  2.0
Unarmed Combat | |  3.0

Action                     |  1- 3 |  4- 6 |  7- 9 || total
---------------------------+-------+-------+-------++-------
  Melee: Unarmed           |    69 |    98 |    21 ||   188
         Constrict         |    18 |    28 |     3 ||    49
         Tentacles         |    10 |    17 |     3 ||    30
         Punch             |     1 |     8 |     3 ||    12
  Evoke: Tin of tremorston |       |     2 |       ||     2
         Wand              |       |       |     2 ||     2
    Use: Scroll            |       |     5 |       ||     5
         Potion            |       |       |     2 ||     2
   Stab: Sleeping          |    11 |     7 |     2 ||    20
         Paralysed         |       |       |     3 ||     3
 Armour: Skin              |    24 |    43 |     9 ||    76
  Dodge: Dodged            |    30 |    47 |     8 ||    85

Levels and vault maps discovered:
D:1:      minmay_arrival_split_and_join, layout_basic,
          chequers_serial_rivers_micro_a, minmay_misc_feat_more_columns
D:2:      wander_river, layout_loops_ring
D:3:      minmay_bubble_buster, layout_basic, mainiacjoe_overflow_cross_hatched,
          basic_ecumenical_altar, uniq_jessica, uniq_sigmund
D:4:      minmay_octagon_keep, layout_rooms, mainiacjoe_overflow_chevrons,
          nicolae_overflow_crystal_walls, uniq_ijyb, uniq_duvessa
D:5:      layout_rooms, mainiacjoe_overflow_alcove_2

Notes
Turn   | Place    | Note
-------+----------+-------------------------------------------
     0 | D:1      | zeratav the Octopode Shapeshifter began the quest for the
                  | Orb.
     0 | D:1      | Reached XP level 1. HP: 13/13 MP: 1/1
     0 | D:1      | magus.rc [v1.9.6]
   132 | D:1      | Reached skill level 1 in Stealth
   171 | D:1      | Reached skill level 2 in Stealth
   244 | D:1      | Reached XP level 2. HP: 18/18 MP: 2/2
   321 | D:1      | Reached skill level 3 in Stealth
   323 | D:1      | You add the spells Vhi's Electric Charge, Arcjolt and
                  | Maxwell's Capacitive Coupling to your library.
   739 | D:2      | Reached XP level 3. HP: 23/23 MP: 3/3
   782 | D:2      | Reached skill level 4 in Stealth
  1205 | D:3      | Noticed Sigmund
  1249 | D:3      | Found a faded altar of an unknown god.
  1484 | D:3      | Reached skill level 5 in Stealth
  1484 | D:3      | Reached skill level 2 in Fighting
  1484 | D:3      | Reached XP level 4. HP: 29/29 MP: 4/4
  1485 | D:3      | Noticed Jessica
  1493 | D:3      | Killed Jessica
  1562 | D:3      | Reached XP level 5. HP: 35/36 MP: 5/5
  1589 | D:3      | Reached skill level 3 in Fighting
  1616 | D:3      | t - a +0 quick blade {shortrare=g}
  1634 | D:3      | You pick up a book of Transmutation and begin reading...
  1634 | D:3      | You add the spells Sublimation of Blood, Petrify and
                  | Irradiate to your library.
  1645 | D:3      | Noticed an ice beast
  2013 | D:4      | Noticed Dowan
  2014 | D:4      | Found a shimmering blue altar of Sif Muna.
  2014 | D:4      | Noticed Duvessa
  2021 | D:4      | Noticed a black bear
  2041 | D:4      | Killed Dowan
  2042 | D:4      | Reached skill level 4 in Fighting
  2185 | D:4      | Reached XP level 6. HP: 35/44 MP: 6/6
  2232 | D:4      | Noticed Ijyb
  2243 | D:4      | Killed Ijyb
  2354 | D:4      | Found a broken altar of Ashenzari.
  2423 | D:4      | Reached skill level 5 in Fighting
  2648 | D:4      | Killed a black bear
  2649 | D:4      | Reached skill level 4 in Shapeshifting
  2649 | D:4      | Reached XP level 7. HP: 50/50 MP: 7/7
  2872 | D:5      | Entered Level 5 of the Dungeon
  2960 | D:5      | Reached skill level 5 in Shapeshifting
  3039 | D:5      | HP: 16/75 [poisoned by a gnoll sergeant]
  3041 | D:5      | HP: 5/75 [gnoll sergeant/+2 spear of venom (4)]
  3044 | D:5      | HP: 2/112 [poisoned by a gnoll sergeant]
  3045 | D:5      | Slain by a gnoll

Vanquished Creatures
  An ogre (D:5)
  A black bear (D:4)
  A gnoll sergeant (D:5)
  A scorpion (D:5)
  Dowan (D:4)
  A bombardier beetle (D:3)
  2 hounds (D:4)
  Jessica (D:3)
  Ijyb (D:4)
  An orc wizard (D:4)
  A sleepcap (D:4)
  A gnoll (D:5)
  6 adders
  2 ribbon worms
  4 dart slugs
  5 orcs
  3 ball pythons
  6 bats
  3 endoplasms
  6 giant cockroaches
  4 goblins
  9 hobgoblins
  A jackal (D:3)
  12 kobolds
  2 quokkas
  2 frilled lizards (D:2)
  A rat (D:1)
79 creatures vanquished.

Table legend:
 A = Non-vault XP
 B = Vault XP
 C = Vault XP percentage of total XP
 D = Non-vault monster count
 E = Vault monster count
 F = Vault count percentage of total count
                 A         B        C        D         E       F
            +---------+---------+-------+---------+---------+-------
      Total |     665 |     317 |  32.3 |      55 |      24 |  30.4
            +---------+---------+-------+---------+---------+-------
        D:1 |      22 |       0 |   0.0 |      10 |       0 |   0.0
        D:2 |      37 |       0 |   0.0 |      19 |       0 |   0.0
        D:3 |      71 |      70 |  49.6 |       8 |      12 |  60.0
        D:4 |     203 |     247 |  54.9 |      11 |      12 |  52.2
        D:5 |     332 |       0 |   0.0 |       7 |       0 |   0.0
            +---------+---------+-------+---------+---------+-------

Skill      XL: |  1  2  3  4  5  6  7 |
---------------+----------------------+-----
Stealth        | 2 3 5 |  5.0
Fighting       | 2 4 5 |  5.0
Shapeshifting  | 4 5 |  5.6
Dodging        | |  2.0
Unarmed Combat | |  3.0

Action                     |  1- 3 |  4- 6 |  7- 9 || total
---------------------------+-------+-------+-------++-------
  Melee: Unarmed           |    69 |    98 |    21 ||   188
         Constrict         |    18 |    28 |     3 ||    49
         Tentacles         |    10 |    17 |     3 ||    30
         Punch             |     1 |     8 |     3 ||    12
  Evoke: Tin of tremorston |       |     2 |       ||     2
         Wand              |       |       |     2 ||     2
    Use: Scroll            |       |     5 |       ||     5
         Potion            |       |       |     2 ||     2
   Stab: Sleeping          |    11 |     7 |     2 ||    20
         Paralysed         |       |       |     3 ||     3
 Armour: Skin              |    24 |    43 |     9 ||    76
  Dodge: Dodged            |    30 |    47 |     8 ||    85

Illustrated notes

Table legend:
 A = Kills in this place as a percentage of kills in the entire game.
 B = Kills by you in this place as a percentage of kills by you in the entire game.
 C = Kills by friends in this place as a percentage of kills by friends in the entire game.
 D = Other kills in this place as a percentage of other kills in the entire game.
 E = Experience gained in this place as a percentage of experience gained in the entire game.
 F = Experience gained in this place divided by the number of levels of this place that you have seen.
                   A       B       C       D       E      F
               +-------+-------+-------+-------+-------+----------------------
         Total | 100.0 | 100.0 |   N/A |   N/A | 100.0 | 196.4
       Dungeon | 100.0 | 100.0 |   N/A |   N/A | 100.0 | 196.4
               +-------+-------+-------+-------+-------+----------------------

Table legend: (Time is in decaauts)
 A = Elapsed time spent in this place.
 B = Non-inter-level travel time spent in this place.
 C = Inter-level travel time spent in this place.
 D = Time resting spent in this place.
 E = Time spent auto-exploring this place.
 F = Levels seen in this place.
 G = Mean time per level.
                   A        B        C        D        E       F      G
               +--------+--------+--------+--------+--------+-----+--------+
         Total |   3032 |   2917 |    115 |    116 |   2024 |   5 |  606.4 |
       Dungeon |   3032 |   2917 |    115 |    116 |   2024 |   5 |  606.4 |
               +--------+--------+--------+--------+--------+-----+--------+

Top non-repeatable levels by time:
     D:4: 907 daAuts
     D:3: 759 daAuts
     D:2: 655 daAuts
     D:1: 538 daAuts
     D:5: 171 daAuts
